BSA
IRVINE GANG GREEN @ NEVADA NOISE
07/19/2027
 
TOP OF THE 1ST
Irvine Gang Green batting - Pitching for Los Cabos Cartel : RHP Jing-xiang Fa
Pitching: RHP Jing-xiang Fa
Batting: RHB Buck Jones 0-0: Ball
1-0: Ball
2-0: Foul Ball, location: 2F
2-1: Ball
3-1: Ground out 6-3 (Groundball, 56)
Batting: RHB Tyler Wagner 0-0: Ball
1-0: Swinging Strike
1-1: Called Strike
1-2: Foul Ball, location: 2F
1-2: Foul Ball, location: 2F
1-2: Reached on error, E5 (Groundball, 5)
Batting: LHB Víctor Quiñones 0-0: Ball
1-0: Ball
2-0: Ball
3-0: Called Strike
3-1: Ground out 4-3 (Groundball, 4)
Tyler Wagner to third
Batting: LHB Jesús Campos 0-0: Foul Ball, location: 2F
0-1: Ball
1-1: Fly out, F8 (Flyball, 8LD)
Top of the 1st over - 0 run(s), 0 hit(s), 1 error(s), 1 left on base; Irvine 0 - Los Cabos 0
BOTTOM OF THE 1ST
Los Cabos Cartel batting - Pitching for Irvine Gang Green : RHP Mike Marrero
Pitching: RHP Mike Marrero
Batting: LHB Stanley Mullins 0-0: Ball
1-0: Called Strike
1-1: Ground out U3 (Groundball, 3)
Batting: RHB Wilbert Rodgers 0-0: Called Strike
0-1: Foul Ball, location: 2F
0-2: Strikes out looking
Batting: SHB Julián Madrid 0-0: Called Strike
0-1: Foul Ball, location: 2F
0-2: Ball
1-2: Foul Ball, location: 2F
1-2: Foul Ball, location: 2F
1-2: Ball
2-2: Ball
3-2: Foul Ball, location: 2F
3-2: Ground out U3 (Groundball, 3)
Bottom of the 1st over - 0 run(s), 0 hit(s), 0 error(s), 0 left on base; Irvine 0 - Los Cabos 0
TOP OF THE 2ND
Irvine Gang Green batting - Pitching for Los Cabos Cartel : RHP Jing-xiang Fa
Batting: RHB José Salazar 0-0: Ball
1-0: Foul Ball, location: 2F
1-1: Fly out, F8 (Flyball, 8LM)
Batting: LHB José Sánchez 0-0: Ball
1-0: Ball
2-0: Ball
3-0: Called Strike
3-1: Foul Ball, location: 2F
3-2: Strikes out swinging
Batting: RHB Tom Doherty 0-0: Ball
1-0: Called Strike
1-1: Foul Ball, location: 2F
1-2: Ball
2-2: Strikes out looking
Top of the 2nd over - 0 run(s), 0 hit(s), 0 error(s), 0 left on base; Irvine 0 - Los Cabos 0
BOTTOM OF THE 2ND
Los Cabos Cartel batting - Pitching for Irvine Gang Green : RHP Mike Marrero
Batting: LHB Willie Wallace 0-0: Ball
1-0: Ball
2-0: Ball
3-0: Called Strike
3-1: Called Strike
3-2: SINGLE (Line Drive, 89S)
Batting: RHB Stephen Wilson 0-0: Swinging Strike
0-1: Foul Ball, location: 2F
0-2: Ball
1-2: Strikes out swinging
Batting: SHB Javier Villegas 0-0: Ball
Willie Wallace steals 2nd base
1-0: Fly out, F6 (Popup, 6D)
Batting: LHB Pablo Reyes 0-0: Called Strike
0-1: Swinging Strike
0-2: Ball
1-2: Fly out, F8 (Flyball, 8RD)
Bottom of the 2nd over - 0 run(s), 1 hit(s), 0 error(s), 1 left on base; Irvine 0 - Los Cabos 0
TOP OF THE 3RD
Irvine Gang Green batting - Pitching for Los Cabos Cartel : RHP Jing-xiang Fa
Batting: RHB Eichiro Yamamoto 0-0: Called Strike
0-1: Ball
1-1: DOUBLE (Groundball, 3D)
Batting: RHB Ronnie Brown 0-0: Ground out 1-3 (Groundball, 13S)
Eichiro Yamamoto to third
Batting: RHB Buck Jones 0-0: Ball
1-0: DOUBLE (Line Drive, 8RD)
Eichiro Yamamoto scores
Batting: RHB Tyler Wagner 0-0: Ball
1-0: Called Strike
1-1: SINGLE (Groundball, 4MD)
Buck Jones to third
Runner from 3rd tries for Home, SAFE, no throw
Batting: LHB Víctor Quiñones 0-0: Foul Ball, location: 2F
0-1: Swinging Strike
0-2: Ball
1-2: Foul Ball, location: 2F
1-2: SINGLE (Groundball, 3D)
Tyler Wagner to second
Runner from 2nd tries for 3rd, SAFE, no throw
Batting: LHB Jesús Campos 0-0: Swinging Strike
0-1: Fly out, F8 (Flyball, 89XD)
Runner from 3rd tags up, SCORES, no throw
Batting: RHB José Salazar 0-0: Fielders Choice at 2nd, 6-4 (Groundball, 6)
Top of the 3rd over - 3 run(s), 4 hit(s), 0 error(s), 0 left on base; Irvine 3 - Los Cabos 0
BOTTOM OF THE 3RD
Los Cabos Cartel batting - Pitching for Irvine Gang Green : RHP Mike Marrero
Batting: RHB Kenny Cole 0-0: SINGLE (Flyball, 8RS)
Batting: RHB Fernando Gálvez 0-0: Called Strike
0-1: Ball
1-1: Grounds into double play, 6-4-3 (Groundball, 6)
Batting: LHB Stanley Mullins 0-0: Called Strike
0-1: Ball
1-1: SINGLE (Line Drive, 56)
Batting: RHB Wilbert Rodgers 0-0: Ground out 5-3 (Groundball, 56)
Bottom of the 3rd over - 0 run(s), 2 hit(s), 0 error(s), 1 left on base; Irvine 3 - Los Cabos 0
TOP OF THE 4TH
Irvine Gang Green batting - Pitching for Los Cabos Cartel : RHP Jing-xiang Fa
Batting: LHB José Sánchez 0-0: Ball
1-0: Foul Ball, location: 2F
1-1: Foul Ball, location: 2F
1-2: Ball
2-2: Foul Ball, location: 2F
2-2: Ball
3-2: Foul Ball, location: 2F
3-2: Ground out 1-3 (Groundball, P)
Batting: RHB Tom Doherty 0-0: Ball
1-0: Foul Ball, location: 2F
1-1: Ball
2-1: Called Strike
2-2: SINGLE (Groundball, 6MD)
Batting: RHB Eichiro Yamamoto 0-0: Ball
1-0: Called Strike
1-1: Ball
2-1: Ball
3-1: Base on Balls
Tom Doherty to second
Batting: RHB Ronnie Brown 0-0: Fly out, F2 (Popup, 15S)
Batting: RHB Buck Jones 0-0: Foul Ball, location: 2F
0-1: Fielders Choice at 2nd, 6-4 (Groundball, 6)
Top of the 4th over - 0 run(s), 1 hit(s), 0 error(s), 1 left on base; Irvine 3 - Los Cabos 0
BOTTOM OF THE 4TH
Los Cabos Cartel batting - Pitching for Irvine Gang Green : RHP Mike Marrero
Batting: SHB Julián Madrid 0-0: Ball
1-0: Foul Ball, location: 2F
1-1: Fly out, F9 (Line Drive, 89D)
Batting: LHB Willie Wallace 0-0: Ball
1-0: SINGLE (Groundball, 56D)
Batting: RHB Stephen Wilson 0-0: Ball
1-0: Foul Ball, location: 2F
1-1: Ball
2-1: Ball
Wild Pitch!
Willie Wallace to second
3-1: Foul Ball, location: 2F
3-2: Ground out 6-3 (Groundball, 6)
Willie Wallace to third
Batting: SHB Javier Villegas 0-0: Ball
1-0: Called Strike
1-1: SINGLE (Groundball, 4MD)
Willie Wallace scores
Batting: LHB Pablo Reyes 0-0: Called Strike
0-1: Ball
1-1: Ball
2-1: Called Strike
2-2: Strikes out swinging
Bottom of the 4th over - 1 run(s), 2 hit(s), 0 error(s), 1 left on base; Irvine 3 - Los Cabos 1
TOP OF THE 5TH
Irvine Gang Green batting - Pitching for Los Cabos Cartel : RHP Jing-xiang Fa
Batting: RHB Tyler Wagner 0-0: Called Strike
0-1: Foul Ball, location: 2F
0-2: Ball
1-2: Ball
2-2: Fly out, F5 (Line Drive, 5)
Batting: LHB Víctor Quiñones 0-0: Called Strike
0-1: SINGLE (Groundball, 4) (infield hit)
Batting: LHB Jesús Campos 0-0: Called Strike
0-1: Ball
1-1: Swinging Strike
1-2: Foul Ball, location: 2F
1-2: Strikes out swinging
Batting: RHB José Salazar 0-0: Ball
1-0: Foul Ball, location: 2F
1-1: Swinging Strike
1-2: Fielders Choice at 2nd, 5-4 (Groundball, 5)
Top of the 5th over - 0 run(s), 1 hit(s), 0 error(s), 0 left on base; Irvine 3 - Los Cabos 1
BOTTOM OF THE 5TH
Los Cabos Cartel batting - Pitching for Irvine Gang Green : RHP Mike Marrero
Batting: RHB Kenny Cole 0-0: Ball
1-0: Swinging Strike
1-1: Ball
2-1: Foul Ball, location: 2F
2-2: SINGLE (Groundball, 56D)
Batting: RHB Fernando Gálvez 0-0: Called Strike
0-1: Ball
1-1: SINGLE (Groundball, 56D)
Kenny Cole to second
Batting: LHB Stanley Mullins 0-0: Fly out, F8 (Flyball, 78D)
Batting: RHB Wilbert Rodgers 0-0: Called Strike
0-1: Ball
1-1: Grounds into double play, 6-4-3 (Groundball, 6)
Bottom of the 5th over - 0 run(s), 2 hit(s), 0 error(s), 1 left on base; Irvine 3 - Los Cabos 1
TOP OF THE 6TH
Irvine Gang Green batting - Pitching for Los Cabos Cartel : RHP Jing-xiang Fa
Batting: LHB José Sánchez 0-0: Called Strike
0-1: Ground out 3-1 (Groundball, 34)
Batting: RHB Tom Doherty 0-0: Ball
1-0: Swinging Strike
1-1: Foul Ball, location: 2F
1-2: Foul Ball, location: 2F
1-2: Ball
2-2: Strikes out swinging
Batting: RHB Eichiro Yamamoto 0-0: Ball
1-0: Ball
2-0: Called Strike
2-1: Foul Ball, location: 2F
2-2: Strikes out swinging
Top of the 6th over - 0 run(s), 0 hit(s), 0 error(s), 0 left on base; Irvine 3 - Los Cabos 1
BOTTOM OF THE 6TH
Los Cabos Cartel batting - Pitching for Irvine Gang Green : RHP Mike Marrero
Batting: SHB Julián Madrid 0-0: Ball
1-0: Ball
2-0: Foul Ball, location: 2F
2-1: Fly out, F5 (Popup, 5S)
Batting: LHB Willie Wallace 0-0: Ground out 3-1 (Groundball, 34)
Batting: RHB Stephen Wilson 0-0: Swinging Strike
0-1: Ball
1-1: Called Strike
1-2: SINGLE (Line Drive, 34D)
Batting: SHB Javier Villegas 0-0: Called Strike
0-1: Swinging Strike
0-2: Ball
1-2: Ball
2-2: Strikes out swinging
Bottom of the 6th over - 0 run(s), 1 hit(s), 0 error(s), 1 left on base; Irvine 3 - Los Cabos 1
TOP OF THE 7TH
Irvine Gang Green batting - Pitching for Los Cabos Cartel : RHP Jing-xiang Fa
Pitching: LHP António Martínez
Batting: RHB Ronnie Brown 0-0: Ball
1-0: Ball
2-0: Ground out 5-3 (Groundball, 25)
Batting: RHB Buck Jones 0-0: Foul Ball, location: 2F
0-1: Ball
1-1: Ball
2-1: Foul Ball, location: 2F
2-2: Foul Ball, location: 2F
2-2: Ground out 1-3 (Groundball, 13)
Batting: RHB Tyler Wagner 0-0: Ground out 1-4-3 (Groundball, 15S)
Top of the 7th over - 0 run(s), 0 hit(s), 0 error(s), 0 left on base; Irvine 3 - Los Cabos 1
BOTTOM OF THE 7TH
Los Cabos Cartel batting - Pitching for Irvine Gang Green : RHP Mike Marrero
Now at SS: Aaron Wilson
Batting: LHB Pablo Reyes 0-0: Fly out, F8 (Flyball, 89XD)
Batting: RHB Kenny Cole 0-0: Foul Ball, location: 2F
0-1: Called Strike
0-2: Ball
1-2: Strikes out swinging
Batting: RHB Fernando Gálvez 0-0: Hit by Pitch
Batting: LHB Stanley Mullins 0-0: Ball
1-0: Ball
2-0: Ball
3-0: Called Strike
3-1: Fly out, F8 (Line Drive, 8LD)
Bottom of the 7th over - 0 run(s), 0 hit(s), 0 error(s), 1 left on base; Irvine 3 - Los Cabos 1
TOP OF THE 8TH
Irvine Gang Green batting - Pitching for Los Cabos Cartel : LHP António Martínez
Batting: LHB Víctor Quiñones 0-0: Ball
1-0: Called Strike
1-1: Swinging Strike
1-2: SINGLE (Flyball, 8RS)
Batting: LHB Jesús Campos 0-0: Foul Ball, location: 2F
0-1: Foul Ball, location: 2F
0-2: Foul Ball, location: 2F
0-2: DOUBLE (Line Drive, 89D)
Víctor Quiñones to third
Batting: RHB José Salazar 0-0: Intentional Walk
Pinch Hitting: RHB Raúl Salas 0-0: Fly out, F4 (Popup, 34D)
Batting: RHB Tom Doherty 0-0: Ball
1-0: Ball
2-0: Called Strike
2-1: Ball
3-1: Foul Ball, location: 2F
3-2: Foul Ball, location: 2F
3-2: Foul Ball, location: 2F
3-2: Base on Balls
Víctor Quiñones scores
Jesús Campos to third
José Salazar to second
Batting: RHB Eichiro Yamamoto 0-0: Grounds into fielders choice 6-2 (Groundball, 6)
José Salazar to third
Tom Doherty to second
Pinch Hitting: LHB Jorge Martínez 0-0: Ball
1-0: Ball
2-0: Ball
3-0: Called Strike
3-1: Swinging Strike
3-2: Fly out, F8 (Flyball, 8LM)
Top of the 8th over - 1 run(s), 2 hit(s), 0 error(s), 3 left on base; Irvine 4 - Los Cabos 1
BOTTOM OF THE 8TH
Los Cabos Cartel batting - Pitching for Irvine Gang Green : RHP Mike Marrero
Now at 2B: Jorge Martínez
Now at SS: Bill Murphy
Now in CF: Tony Tavárez
Batting: RHB Wilbert Rodgers 0-0: SINGLE (Groundball, 56D)
Batting: SHB Julián Madrid 0-0: Called Strike
0-1: Ball
Wild Pitch!
Wilbert Rodgers to second
1-1: Ball
2-1: Foul Ball, location: 2F
2-2: SINGLE (Line Drive, 8LS)
Wilbert Rodgers to third
Pitching: LHP Santiago González
Batting: LHB Willie Wallace 0-0: Called Strike
0-1: Called Strike
0-2: Ball
1-2: Foul Ball, location: 2F
1-2: Foul Ball, location: 2F
1-2: Ball
2-2: Strikes out swinging
Pitching: RHP Raúl Saltines
Batting: RHB Stephen Wilson 0-0: Called Strike
0-1: Called Strike
0-2: Grounds into double play, 4-6-3 (Groundball, 4)
Bottom of the 8th over - 0 run(s), 2 hit(s), 0 error(s), 1 left on base; Irvine 4 - Los Cabos 1
TOP OF THE 9TH
Irvine Gang Green batting - Pitching for Los Cabos Cartel : LHP António Martínez
Batting: RHB Buck Jones 0-0: Called Strike
0-1: Ball
1-1: Ball
2-1: Fly out, F8 (Flyball, 78D)
Pitching: RHP Ángel Lara
Batting: RHB Tyler Wagner 0-0: Ball
1-0: Swinging Strike
1-1: Foul Ball, location: 2F
1-2: Ball
2-2: Ball
3-2: Base on Balls
Batting: LHB Víctor Quiñones 0-0: Ball
1-0: Called Strike
Tyler Wagner is caught stealing 2nd base
1-1: Ground out 4-3 (Groundball, 4)
Top of the 9th over - 0 run(s), 0 hit(s), 0 error(s), 0 left on base; Irvine 4 - Los Cabos 1
BOTTOM OF THE 9TH
Los Cabos Cartel batting - Pitching for Irvine Gang Green : RHP Raúl Saltines
Pitching: RHP Kuang-yin Yue
Batting: SHB Javier Villegas 0-0: Ball
1-0: SOLO HOME RUN (Flyball, 9D), Distance : 406 ft
Batting: LHB Pablo Reyes 0-0: Ball
1-0: SOLO HOME RUN (Line Drive, 7LD), Distance : 361 ft
Pinch Hitting: SHB Rob Grun 0-0: Called Strike
0-1: Foul Ball, location: 2F
0-2: Ground out 6-3 (Groundball, 6)
Batting: RHB Fernando Gálvez 0-0: Foul Ball, location: 2F
0-1: Called Strike
0-2: Ball
1-2: Ball
2-2: Foul Ball, location: 2F
2-2: Fly out, F8 (Flyball, 8LD)
Batting: LHB Stanley Mullins 0-0: Foul Ball, location: 2F
0-1: Foul Ball, location: 2F
0-2: Ground out U3 (Groundball, 3)
Bottom of the 9th over - 2 run(s), 2 hit(s), 0 error(s), 0 left on base; Irvine 4 - Los Cabos 3
Thursday, March 30th, 2017 - OOTP Baseball 17.12 Build 75